 Dungeon Crawl Stone Soup version 0.24.1-5-g77f818bfca (webtiles) character file.

Game seed: 8803242505901528989, levelgen mode: deterministic

6396065 Amplified the Invulnerable (level 27, 214/214 HPs)
             Began as a Gargoyle Berserker on Apr 19, 2020.
             Was a High Priest of Trog.
             Escaped with the Orb
             ... and 7 runes on Apr 22, 2020!
             The game lasted 02:08:47 (58433 turns).

Amplified the Invulnerable (Gargoyle Berserker)    Turns: 58433, Time: 02:08:48

Health: 214/214    AC: 67    Str: 38    XL:     27
Magic:  36/36      EV: 23    Int:  9    God:    Trog [*****.]
Gold:   7554       SH: 36    Dex: 13    Spells: 26/26 levels left

rFire    + + +     SeeInvis +   q - +9 eveningstar (freeze)
rCold    + . .     Gourm    .   C - +7 large shield "Joekhlos" {*Contam rF+ Str+3 SInv}
rNeg     + + +     Faith    .   U - +13 plate armour of Distant Shores {rPois rC+ Int+3}
rPois    ∞         Spirit   +   y - +2 helmet {SInv}
rElec    +         Reflect  .   W - scarf {Spirit}
rCorr    .         Harm     .   T - +1 pair of gloves "Oziff" {MR++ Int-2 Dex+2 SInv}
MR       ++++.     Clarity  +   E - +2 pair of boots "Beiskofi" {Str+4}
Stlth    ..........             x - amulet of Vitality {Regen+ HP+15}
HPRegen  0.85/turn              v - ring "Gaxeing" {rF+ rN+++ MR- EV+1 Slay+3}
MPRegen  0.25/turn              F - ring "Botufus" {rElec rF+ Dex-3 Slay+3}

@: flying
A: big wings, blurry vision 2, clarity, dopey 1, magic resistance 1, negative
energy resistance 1, electricity resistance, strong 2, unbreathing,
petrification resistance, rot immunity, MP-powered wands, sturdy frame 1, AC +20
0: Orb of Zot
}: 7/15 runes: decaying, serpentine, silver, abyssal, glowing, magical, fiery
a: Stop Flying, Berserk, Trog's Hand, Brothers in Arms, Renounce Religion


You escaped.
You worshipped Trog.
Trog was extremely pleased with you.
You were full.

You visited 10 branches of the dungeon, and saw 52 of its levels.
You visited Pandemonium 1 time, and saw 11 of its levels.
You visited the Abyss 2 times.
You visited 1 ziggurat, and saw 14 of its levels.
You also visited: Trove, Ossuary, Gauntlet and Ice Cave.

You collected 13136 gold pieces.
You spent 5582 gold pieces at shops.

Inventory:

Hand Weapons
 q - a +9 eveningstar of freezing (weapon)
 K - a +4 eveningstar of venom
 L - the +7 Singing Sword {slice, sonic wave}
   (You found it on level 3 of the Realm of Zot)

   It inflicts extra damage upon your enemies.
Missiles
 h - 4 throwing nets
 w - 24 curare-tipped darts (quivered)
Armour
 o - the +7 Kryia's mail coat {PotionHeal*2 rC+}
   (You found it on level 3 of the Elven Halls)

   It protects you from cold.
 s - a +2 pair of boots of running
 y - a +2 helmet of see invisible (worn)
 C - the +7 large shield "Joekhlos" (worn) {*Contam rF+ Str+3 SInv}
   (You found it on level 6 of the Lair of Beasts)

   It affects your strength (+3).
   It protects you from fire.
   It lets you see invisible.
   It causes magical contamination when unequipped.
 E - the +2 pair of boots "Beiskofi" (worn) {Str+4}
   (You found it in a Gauntlet)

   It affects your strength (+4).
 T - the +1 pair of gloves "Oziff" (worn) {MR++ Int-2 Dex+2 SInv}
   (You bought it in a shop on level 2 of the Orcish Mines)

   It affects your intelligence (-2).
   It affects your dexterity (+2).
   It affects your resistance to hostile enchantments.
   It lets you see invisible.
 U - the +13 plate armour of Distant Shores (worn) {rPois rC+ Int+3}
   (You bought it in a shop on level 2 of the Orcish Mines)

   It affects your intelligence (+3).
   It protects you from cold.
   It protects you from poison.
 W - a scarf of spirit shield (worn)
Jewellery
 a - the ring of the Falcon {rF+ rC+ Dex+5 Stlth+}
   (You took it off a deep elf death mage on level 3 of the Elven Halls)

   [ring of stealth]

   It affects your dexterity (+5).
   It protects you from fire.
   It protects you from cold.
   It makes you more stealthy.
 n - the ring of Ratuk {rC+ rN+ Dex+5}
   (You took it off a vault warden on level 5 of the Vaults)

   [ring of protection from cold]

   It affects your dexterity (+5).
   It protects you from cold.
   It protects you from negative energy.
 v - the ring "Gaxeing" (left hand) {rF+ rN+++ MR- EV+1 Slay+3}
   (You found it on level 4 of the Realm of Zot)

   [ring of evasion]

   It affects your evasion (+1).
   It affects your accuracy and damage with ranged weapons and melee attacks
   (+3).
   It protects you from fire.
   It renders you almost immune to negative energy.
   It affects your resistance to hostile enchantments.
 x - the amulet of Vitality (around neck) {Regen+ HP+15}
   (You found it on level 3 of the Swamp)

   [amulet of regeneration]

   It affects your health (+15).
   It increases your rate of regeneration.
 B - the ring "Duyrph" {rF+ rN+ Int+2}
   (You found it on level 13 of a ziggurat)

   [ring of protection from fire]

   It affects your intelligence (+2).
   It protects you from fire.
   It protects you from negative energy.
 F - the ring "Botufus" (right hand) {rElec rF+ Dex-3 Slay+3}
   (You took it off a vault guard on level 5 of the Vaults)

   [ring of protection from fire]

   It affects your dexterity (-3).
   It affects your accuracy and damage with ranged weapons and melee attacks
   (+3).
   It protects you from fire.
   It insulates you from electricity.
 O - the ring of Civeg {rF+ rC+ Int+4}
   (You found it on level 4 of the Swamp)

   [ring of intelligence]

   It affects your intelligence (+4).
   It protects you from fire.
   It protects you from cold.
 S - the ring of Tafaimm {+Blink rF+ rC++ Int-5}
   (You found it on level 4 of a ziggurat)

   [ring of protection from fire]

   It affects your intelligence (-5).
   It protects you from fire.
   It greatly protects you from cold.
   It lets you blink.
Wands
 d - a wand of scattershot (10)
 G - a wand of acid (40)
 H - a wand of clouds (4)
 I - a wand of digging (7)
 M - a wand of iceblast (95)
Scrolls
 b - 6 scrolls of fog
 e - 6 scrolls of blinking
 i - 27 scrolls of teleportation
 l - 35 scrolls of remove curse
 m - 8 scrolls of fear
 t - 9 scrolls of identify
 R - 8 scrolls of enchant armour
 V - 4 scrolls of enchant weapon
 X - 2 scrolls of holy word
Potions
 f - 8 potions of brilliance
 g - 35 potions of curing
 j - 5 potions of haste
 k - 2 potions of cancellation
 p - 4 potions of mutation
 z - 3 potions of resistance
 A - 8 potions of heal wounds
 Q - 8 potions of ambrosia
 Y - 7 potions of magic
Miscellaneous
 D - a phantom mirror
 Z - a lamp of fire
Comestibles
 c - 83 rations


   Skills:
 O Level 27 Fighting
 - Level 16.0 Maces & Flails
 O Level 27 Armour
 + Level 21.0 Dodging
 * Level 26.9 Shields
 - Level 18.0 Evocations


You had 26 spell levels left.
You didn't know any spells.
Your spell library contained the following spells:

 Spells                   Type           Power        Failure   Level  Hunger
 Animate Skeleton         Necr           N/A          58%         1    ##.....
 Apportation              Tloc           #.....       58%         1    ##.....
 Confusing Touch          Hex            #.....       58%         1    ##.....
 Flame Tongue             Conj/Fire      #....        58%         1    ##.....
 Magic Dart               Conj           #...         58%         1    ##.....
 Sandblast                Erth           #.....       58%         1    ##.....
 Sting                    Conj/Pois      #...         58%         1    ##.....
 Summon Butterflies       Summ           #.......     58%         1    ##.....
 Summon Small Mammal      Summ           #...         58%         1    ##.....
 Blink                    Tloc           N/A          75%         2    ###....
 Call Imp                 Summ           #.......     75%         2    ###....
 Corpse Rot               Necr           N/A          75%         2    ###....
 Passwall                 Tmut/Erth      #.......     75%         2    ###....
 Poisonous Vapours        Pois/Air       #.....       75%         2    ###....
 Searing Ray              Conj           #.....       75%         2    ###....
 Shroud of Golubria       Chrm/Tloc      #.....       75%         2    ###....
 Slow                     Hex            #.......     75%         2    ###....
 Song of Slaying          Chrm           #.......     75%         2    ###....
 Throw Flame              Conj/Fire      #.....       75%         2    ###....
 Call Canine Familiar     Summ           #.......     92%         3    ####...
 Confuse                  Hex            #.......     92%         3    ####...
 Conjure Flame            Conj/Fire      #.......     92%         3    ####...
 Dazzling Spray           Conj/Hex       #.....       92%         3    ####...
 Gell's Gravitas          Tloc           #.........   92%         3    ####...
 Ignite Poison            Fire/Tmut/Pois #.......     92%         3    ####...
 Inner Flame              Hex/Fire       #.......     92%         3    ####...
 Lesser Beckoning         Tloc           #.........   92%         3    ####...
 Mephitic Cloud           Conj/Pois/Air  #.......     92%         3    ####...
 Ozocubu's Armour         Chrm/Ice       #.......     92%         3    ####...
 Portal Projectile        Hex/Tloc       #.....       92%         3    ####...
 Recall                   Summ/Tloc      N/A          92%         3    ####...
 Regeneration             Chrm/Necr      #.........   92%         3    ####...
 Spectral Weapon          Hex/Chrm       #.......     92%         3    ####...
 Spider Form              Tmut/Pois      #.........   92%         3    ####...
 Static Discharge         Conj/Air       #.......     92%         3    ####...
 Airstrike                Air            #.........   100%        4    #####..
 Cause Fear               Hex            #.........   100%        4    #####..
 Force Lance              Conj/Tloc      #.......     100%        4    #####..
 Fulminant Prism          Conj/Hex       #.........   100%        4    #####..
 Ice Form                 Ice/Tmut       #.......     100%        4    #####..
 Iskenderun's Mystic Bla  Conj           #.......     100%        4    #####..
 Leda's Liquefaction      Hex/Erth       #.........   100%        4    #####..
 Olgreb's Toxic Radiance  Pois           #.......     100%        4    #####..
 Petrify                  Tmut/Erth      #.......     100%        4    #####..
 Sticky Flame             Conj/Fire      #.......     100%        4    #####..
 Summon Ice Beast         Ice/Summ       #.......     100%        4    #####..
 Throw Icicle             Conj/Ice       #.......     100%        4    #####..
 Agony                    Necr           #.......     100%        5    ######.
 Alistair's Intoxication  Tmut/Pois      #.......     100%        5    ######.
 Aura of Abjuration       Summ           #.........   100%        5    ######.
 Bolt of Draining         Conj/Necr      #.........   100%        5    ######.
 Bolt of Magma            Conj/Fire/Erth #.........   100%        5    ######.
 Dispel Undead            Necr           #.......     100%        5    ######.
 Excruciating Wounds      Chrm/Necr      #.........   100%        5    ######.
 Fireball                 Conj/Fire      #.........   100%        5    ######.
 Irradiate                Conj/Tmut      #.........   100%        5    ######.
 Iskenderun's Battlesphe  Conj/Chrm      #.......     100%        5    ######.
 Lightning Bolt           Conj/Air       #.........   100%        5    ######.
 Metabolic Englaciation   Hex/Ice        #.........   100%        5    ######.
 Silence                  Hex/Air        #.........   100%        5    ######.
 Summon Demon             Summ           #.........   100%        5    ######.
 Summon Forest            Summ/Tloc      #.........   100%        5    ######.
 Summon Mana Viper        Hex/Summ       #.......     100%        5    ######.
 Venom Bolt               Conj/Pois      #.........   100%        5    ######.
 Yara's Violent Unravell  Hex/Tmut       #.........   100%        5    ######.
 Bolt of Cold             Conj/Ice       #.........   100%        6    #######
 Bolt of Fire             Conj/Fire      #.........   100%        6    #######
 Conjure Ball Lightning   Conj/Air       #.........   100%        6    #######
 Deflect Missiles         Chrm/Air       #.........   100%        6    #######
 Dispersal                Tloc           #.........   100%        6    #######
 Freezing Cloud           Conj/Ice/Air   #.........   100%        6    #######
 Iron Shot                Conj/Erth      #.........   100%        6    #######
 Ozocubu's Refrigeration  Ice            #.........   100%        6    #######
 Shadow Creatures         Summ           N/A          100%        6    #######
 Simulacrum               Ice/Necr       #.........   100%        6    #######
 Haunt                    Necr/Summ      #.........   100%        7    #######
 Malign Gateway           Summ/Tloc      #.........   100%        7    #######
 Monstrous Menagerie      Summ           #.........   100%        7    #######
 Orb of Destruction       Conj           #.........   100%        7    #######
 Ring of Flames           Chrm/Fire      #.........   100%        7    #######
 Spellforged Servitor     Conj/Summ      #.........   100%        7    #######
 Summon Greater Demon     Summ           #.........   100%        7    #######
 Summon Hydra             Summ           #.........   100%        7    #######
 Borgnjor's Revivificati  Necr           #.........   100%        8    #######
 Controlled Blink         Tloc           N/A          100%        8    #######
 Death's Door             Chrm/Necr      #.........   100%        8    #######
 Discord                  Hex            #.........   100%        8    #######
 Disjunction              Tloc           #.........   100%        8    #######
 Ignition                 Fire           #.........   100%        8    #######
 Infestation              Necr           #.........   100%        8    #######
 Necromutation            Tmut/Necr      #.........   100%        8    #######
 Summon Horrible Things   Summ           #.........   100%        8    #######
 Shatter                  Erth           #.........   100%        9    #######
 Tornado                  Air            #.........   100%        9    #######
 Sublimation of Blood     Necr           Unusable     N/A         2    N/A
 Statue Form              Tmut/Erth      Unusable     N/A         6    N/A

Dungeon Overview and Level Annotations

Branches:
Dungeon (15/15)            Temple (0/1) D:6            Lair (6/6) D:10
  Swamp (4/4) Lair:3        Snake (4/4) Lair:3        Slime (0/5) Lair:5
    Orc (2/2) D:10            Elf (3/3) Orc:2        Vaults (5/5) D:13
  Crypt (3/3) Vaults:2       Tomb (0/3) Crypt:3      Depths (5/5) D:15
    Zot (5/5) Depths:5    Ossuary (visited)           IceCv (visited)
Gauntlet (visited)

Altars:
Ashenzari
Cheibriados
Elyvilon
Gozag
Hepliaklqana
Kikubaaqudgha
Ru
Sif Muna
Trog
Vehumet
Wu Jian
Yredelemnul
The Shining One
Jiyva

Shops:
Orc:2 }[(!   Elf:2 [:   Snake:4 *   Vaults:2 [   Vaults:4 [*[![   Depths:5 :

Portals:
Hell: Depths:1 Depths:2 Depths:3 Depths:4 Depths:5
Abyss: Depths:4
Pandemonium: Depths:3 Depths:4

Annotations:
Elf:1 Zigg, Slime, Zot.
Elf:2 3 runed translucent doors
Vaults:4 Try early 5-runer


Innate Abilities, Weirdness & Mutations

You are resistant to torment.
Your stone body is resilient. (AC +20)
You are immune to poison.
Your large and strong wings let you fly indefinitely.
You resist negative energy. (rN+)
You are resistant to electric shocks. (rElec)
You can survive without breathing.
You are immune to petrification.
You are immune to rotting.
Scrolls take you longer to read.
You possess an exceptional clarity of mind.
You are dopey. (Int -2)
You are resistant to hostile enchantments. (MR+)
Your muscles are very strong. (Str +4)
You expend magic power (3 MP) to strengthen your wands.
Your movements are slightly less encumbered by armour. (ER -2)


Message History

(P) Snake Pit (M) Slime Pits (O) Orcish Mines (E) Elven Halls (V) Vaults (C) Crypt (W) Tomb (U) Depths (H) Hell (Z) Zot
Where to? (Enter - D:1, ? - help)
What level of the Dungeon? (default 1, ? - help)
There is a stone staircase leading up here.
You fly upwards.
There is a stone staircase leading down here.
There is a stone staircase leading up here.
You fly upwards.
There is a stone staircase leading down here.
There is a stone staircase leading up here.
You fly upwards.
There is a stone staircase leading down here.
You see here a dagger.
There is a stone staircase leading up here.
You fly upwards.
There is a stone staircase leading down here.
There is a staircase leading out of the dungeon here.
You have escaped!

##.................###...#
####.#.######.#.##.# #...#
.......# #......##.# #...#
##.#.#.# #.##.####.###...#
#.#.#.###...............#
##.................###...#
..............####..##...#
##.##..#.#...#+##'#.##...##
.........#...##>@##.##.#..#
##.##........#+##+#.......#
##.##...§≈≈≈..####..≈≈≈≈..#
##.##..≈≈≈≈≈≈......≈≈≈≈≈≈.#
##.....≈§≈≈§§......≈≈≈≈≈≈.#
######.§§§§§§......≈≈≈≈≈≈.#
..# #..≈§≈≈...##...≈≈≈≈..#
#.# ##.......####.......##
#.######§.##########.#####


There were no monsters in sight!

Vanquished Creatures
  Cerebov (Pan)
  Lom Lobon (Pan)
  Mnoleg (Pan)
  11 ancient liches
  5 orbs of fire
  Sojobo (Vaults:3)
  4 pandemonium lords
  Margery (Vaults:3)
  Vashnia (Snake:2)
  Bai Suzhen (Elf:3)
  3 Killer Klowns
  Saint Roka (Vaults:2)
  The ghost of Jabberih the Metallomancer, a veteran GrEE of Vehumet (Elf:3)
  9 golden dragons
  3 caustic shrikes
  7 bone dragons
  Nikola (Snake:2)
  2 Tzitzimimeh
  2 iron giants (Zig:11)
  An electric golem (Zot:5)
  11 liches
  5 Brimstone Fiends (Pan)
  15 tentacled monstrosities
  8 Hell Sentinels
  25 Orb Guardians
  7 quicksilver dragons
  2 deep elf master archers
  2 deep elf blademasters (Elf:3)
  7 titans
  An acid blob (shapeshifter) (Elf:3)
  7 death cobs
  Frances (Elf:1)
  8 Executioners (Pan)
  4 tentacled starspawn
  2 sphinxes
  8 tengu reavers
  13 storm dragons
  7 ancient champions
  8 shadow dragons
  7 revenants
  Gastronok (Lair:3)
  Roxanne (Elf:1)
  7 nagarajas (Snake:4)
  5 draconian monks
  3 blood saints (Pan)
  9 fire giants
  15 frost giants
  A draconian knight (Zot:2)
  A black sun (Pan)
  13 deep elf sorcerers
  21 balrugs (Pan)
  18 cacodemons (Pan)
  2 orc warlords
  13 vault wardens
  Aizul (Snake:2)
  2 draconian shifters
  20 ironheart preservers
  3 draconian scorchers
  6 ghost moths
  4 draconian stormcallers
  2 warmongers (Pan)
  3 deep elf elementalists
  2 ghouls (Zig:14)
  30 very ugly things
  11 war gargoyles
  5 reapers
  4 curse skulls
  3 entropy weavers
  4 draconian annihilators
  2 spriggan defenders (Depths:3)
  16 stone giants
  12 green draconians
  7 black draconians
  5 corrupters (Pan)
  15 vampire knights
  7 deep elf annihilators (Elf:3)
  10 lorocyprocas
  9 deep elf demonologists
  5 dire elephants
  5 purple draconians
  Azrael (Elf:1)
  6 red draconians
  A spark wasp (shapeshifter) (Zig:7)
  5 eidola
  7 blizzard demons
  A minotaur (Gauntlet)
  4 white draconians
  10 yellow draconians
  3 crystal guardians (Crypt:3)
  13 green deaths
  A mummy priest (Crypt:1)
  2 merfolk javelineers
  13 ettins
  10 deep elf death magi
  3 jiangshi
  14 fire dragons
  A death ooze (Swamp:4)
  The ghost of Ypehuijo the Spear-Bearer, a journeyman OpFi of Gozag (Lair:5)
  6 deep elf high priests
  A quicksilver dragon zombie (Crypt:2)
  A merfolk impaler (Depths:2)
  13 yaktaur captains
  4 monstrous demonspawn
  32 vault guards
  5 great orbs of eyes
  19 ogre magi
  6 rakshasas
  3 shambling mangroves
  13 ice dragons
  2 catoblepae
  25 hydras
  3 ghost crabs
  Erolcha (D:11)
  4 hell beasts
  The ghost of monokles the Skirmisher, a journeyman DsWr of Okawaru (Orc:1)
  17 naga warriors
  8 spriggan air magi
  Erica (D:8)
  A satyr (shapeshifter) (Vaults:5)
  49 two-headed ogres
  9 centaur warriors
  18 dancing weapons
  4 death knights
  10 deep troll shamans
  6 anacondas
  5 death yaks (Gauntlet)
  4 tengu warriors
  16 alligators
  2 hell hogs (Abyss:1)
  8 deep troll earth magi
  5 spriggan berserkers
  A satyr (Abyss:5)
  19 vampire magi
  35 sun demons (Pan)
  16 naga sharpshooters
  Urug (D:12)
  2 thrashing horrors
  A titan zombie (Crypt:3)
  12 hell knights
  Sonja (D:12)
  7 orc high priests
  A shock serpent (Snake:1)
  21 deep elf knights
  A wretched star (Abyss:5)
  8 iron trolls
  19 soul eaters
  A fire crab (Lair:6)
  A golden dragon zombie (Crypt:3)
  31 sixfirhies
  6 shadow wraiths
  21 skeletal warriors
  36 deep trolls
  A death drake (Depths:4)
  A spectral minotaur (Depths:4)
  4 starcursed masses
  6 salamander mystics
  A titan skeleton (Crypt:3)
  An unseen horror (Vaults:1)
  An infernal demonspawn (Pan)
  2 torturous demonspawn (Pan)
  An obsidian statue (Depths:1)
  9 flayed ghosts
  22 deep elf archers
  6 gelid demonspawn (Pan)
  4 swamp dragons
  2 anaconda zombies
  4 shadow demons (Pan)
  10 wizards
  11 naga ritualists
  2 spectral anacondas (Depths:4)
  6 glowing orange brains
  11 ironbrand convokers
  12 phantasmal warriors
  A spriggan druid (Zig:10)
  A tengu zombie (Vaults:5)
  A harpy (shapeshifter) (Vaults:1)
  11 necromancers
  11 mana vipers
  2 orange crystal statues (Depths:4)
  3 orb spiders (Zig:8)
  4 frost giant zombies
  17 orc knights
  3 harpies (Vaults:1)
  42 ugly things
  9 wolf spiders
  3 manticores
  A tengu skeleton (Vaults:3)
  17 large abominations
  A shadow dragon zombie (Crypt:3)
  A fire giant zombie (Zig:3)
  8 orc sorcerers
  62 deep elf magi
  An orb spider (shapeshifter) (Vaults:1)
  An iron dragon zombie (Crypt:1)
  5 cyclopes
  16 moths of wrath
  17 salamanders
  19 slime creatures
  Maurice (D:12)
  17 naga magi
  2 worldbinders (Abyss:5)
  A dire elephant zombie (Crypt:2)
  16 vault sentinels
  3 guardian serpents (shapeshifter)
  5 rust devils
  35 black mambas
  A centaur zombie (D:14)
  14 elephants
  5 apocalypse crabs
  33 smoke demons
  25 orange demons
  4 guardian serpents
  6 torpor snails
  A spiny frog (shapeshifter) (Depths:3)
  An ice statue (IceCv)
  3 gargoyles (Zig:11)
  2 hellions (Pan)
  28 spiny frogs
  The ghost of Alannah the Covered, a novice DsWn (D:5)
  2 centaur skeletons
  2 kobold demonologists (Crypt:1)
  15 komodo dragons
  8 efreet (Pan)
  28 yaktaurs
  9 rime drakes
  3 spectral merfolk (Depths:4)
  A yaktaur (shapeshifter) (Vaults:4)
  4 tormentors (Pan)
  2 ice devils
  6 demonic crawlers
  14 freezing wraiths
  An entropy weaver simulacrum (Vaults:1)
  A red draconian skeleton (Crypt:1)
  20 hellwings (Pan)
  An ancient zyme (Abyss:5)
  A queen bee (shapeshifter) (Vaults:4)
  20 red devils
  4 tengu conjurers
  6 jumping spiders
  12 tyrant leeches
  A hydra zombie (Crypt:1)
  4 polar bears
  6 trolls
  A polar bear (shapeshifter) (Depths:3)
  24 hornets
  15 blink frogs
  A blink frog (shapeshifter) (Vaults:2)
  4 raiju
  A fire dragon zombie (Zig:3)
  A fire giant simulacrum (Vaults:5)
  An ice dragon zombie (Crypt:2)
  A meliai zombie (Crypt:1)
  A hydra skeleton (Crypt:3)
  8 bog bodies
  A frost giant simulacrum (Vaults:3)
  3 human simulacra
  34 flying skulls (Crypt:3)
  A stone giant simulacrum (Vaults:2)
  3 redbacks
  12 spriggans
  A black mamba zombie (Crypt:3)
  16 hippogriffs
  An alligator skeleton (Crypt:3)
  3 tarantellas
  12 water elementals
  17 ynoxinuls
  A spriggan (shapeshifter) (Depths:2)
  10 shadows
  A fire dragon skeleton (Crypt:2)
  4 air elementals
  11 fire elementals
  An ice dragon skeleton (Crypt:3)
  17 wraiths
  5 basilisks (Lair:4)
  10 vampires
  A human (shapeshifter) (Elf:2)
  A basilisk (shapeshifter) (Vaults:4)
  5 golden eyes (Pan)
  4 steam dragons
  52 yaks
  8 wyverns
  A yaktaur simulacrum (Vaults:4)
  A hungry ghost (D:15)
  A golden eye (shapeshifter) (Zig:12)
  4 vampire mosquitoes (Swamp:1)
  9 chaos spawn
  21 neqoxecs
  A spatial vortex (Zig:7)
  A naga (shapeshifter) (Zig:12)
  38 nagas
  A swamp worm (shapeshifter) (Zig:7)
  13 wargs
  13 swamp worms
  10 insubstantial wisps (Swamp:1)
  13 water moccasins
  2 hydra simulacra (Depths:4)
  2 acid dragons
  13 hell hounds
  10 porcupines
  A spectral troll (Depths:4)
  2 floating eyes
  2 spectral spriggans (Depths:4)
  A monstrous demonspawn skeleton (Crypt:2)
  45 orc warriors
  12 ice beasts
  2 black bears
  3 swamp drakes
  An ice dragon simulacrum (Crypt:1)
  An eye of draining (D:14)
  2 sky beasts
  4 snapping turtle zombies
  2 phantoms
  A wolf (shapeshifter) (Vaults:2)
  6 boggarts
  43 ogres
  12 centaurs
  15 wolves
  6 necrophages
  11 crocodiles
  2 big kobolds
  18 bullfrogs
  3 human skeletons
  A wyvern zombie (D:14)
  A draconian skeleton (Crypt:1)
  4 earth elementals
  2 gnoll sergeants
  2 wyvern skeletons
  A spectral ogre (Depths:4)
  3 spectral nagas (Depths:4)
  4 small abominations
  A scorpion (D:5)
  A troll zombie (Crypt:3)
  14 killer bees
  5 howler monkeys
  12 crimson imps
  4 bullfrog zombies
  3 quasits
  A demonspawn zombie (Crypt:1)
  3 hounds
  A human zombie (Crypt:3)
  5 jellies
  35 orc priests
  A gnoll shaman (D:4)
  8 iron imps
  27 orc wizards
  2 bullfrog skeletons
  7 hell rats (Lair:5)
  4 iguanas
  16 worker ants
  A big kobold zombie (Ossuary)
  A hound skeleton (D:6)
  A hound zombie (D:7)
  8 mummies (Ossuary)
  Robin (D:3)
  A howler monkey skeleton (D:10)
  14 gnolls
  12 adders
  8 shadow imps
  2 white imps (Depths:1)
  2 oozes
  2 worm zombies (Crypt:1)
  3 worms
  3 ball lightnings (Pan)
  4 dart slugs
  7 leopard geckos
  103 orcs
  9 bats
  5 giant cockroaches
  3 gnoll zombies
  9 goblins
  9 hobgoblins
  4 jackals
  20 kobolds
  5 quokkas
  7 frilled lizards
  A giant cockroach zombie (D:6)
  2 hobgoblin zombies
  2 jackal skeletons (D:5)
  A kobold zombie (Ossuary)
  3 orc zombies (Ossuary)
  2 quokka skeletons
  A quokka zombie (D:9)
  7 rats
  A lurking horror (Abyss:5)
  4 plants (Lair:6)
  6 starspawn tentacles
2980 creatures vanquished.

Vanquished Creatures (collateral kills)
  A naga warrior (Snake:4)
  A wolf spider (Zig:8)
  A deep elf mage (Elf:3)
  A naga mage (Snake:4)
  An ice statue (IceCv)
  A smoke demon (Pan)
  A jumping spider (Zig:8)
  A naga (Snake:4)
  3 ball lightnings (Pan)
  3 orcs (Vaults:5)
14 creatures vanquished.

Vanquished Creatures (others)
  Asterion (Depths:1)
  A deep elf master archer (Elf:3)
  2 tengu reavers (Vaults:3)
  A ghost moth (Zig:8)
  A deep elf elementalist (Depths:4)
  Nessos (Lair:5)
  A black sun (Pan)
  A deep elf death mage (Zig:13)
  An ice dragon (Depths:3)
  A dancing weapon (Crypt:3)
  An ogre mage (Depths:3)
  A naga sharpshooter (Snake:4)
  A deep elf archer (Elf:1)
  A phantasmal warrior (Vaults:5)
  A necromancer (Vaults:3)
  4 deep elf magi
  A smoke demon (Pan)
  A hellwing (Pan)
  A slime creature (Swamp:3)
  A blink frog (Swamp:1)
  A vampire (Depths:4)
  A hell hound (Elf:1)
  A boggart (Crypt:1)
  An ogre (Depths:3)
  A centaur (Lair:6)
  A wight (Depths:4)
  A crimson imp (Depths:1)
  An orc priest (Orc:2)
  A white imp (Depths:1)
  18 ball lightnings (Pan)
  A block of ice (Pan)
  A fire vortex (Pan)
  5 fungi
  21 plants
  11 starspawn tentacles
90 creatures vanquished.

Grand Total: 3084 creatures vanquished

Notes
Turn   | Place    | Note
-------+----------+-------------------------------------------
     0 | D:1      | Amplified the Gargoyle Berserker began the quest for the
                  | Orb.
     0 | D:1      | Reached XP level 1. HP: 14/14 MP: 1/1
    69 | D:1      | Reached XP level 2. HP: 19/19 MP: 2/2
   814 | D:2      | Reached XP level 3. HP: 23/24 MP: 3/3
  1089 | D:2      | Reached ** piety under Trog
  1123 | D:2      | Found a sacrificial altar of Ru.
  1416 | D:2      | Reached XP level 4. HP: 29/29 MP: 4/4
  1690 | D:3      | Reached XP level 5. HP: 21/34 MP: 5/5
  2071 | D:3      | Noticed Robin
  2084 | D:3      | Reached *** piety under Trog
  2100 | D:3      | Killed Robin
  2112 | D:3      | Reached XP level 6. HP: 40/40 MP: 6/6
  2465 | D:4      | Reached skill level 1 in Evocations
  2575 | D:4      | Reached skill level 5 in Fighting
  2734 | D:4      | Found a transporter.
  2742 | D:4      | Found a basalt altar of Yredelemnul.
  2753 | D:4      | Found a transporter.
  2759 | D:4      | Reached XP level 7. HP: 44/44 MP: 6/8
  2949 | D:4      | Reached skill level 5 in Maces & Flails
  2949 | D:4      | Reached skill level 1 in Shields
  3324 | D:5      | Entered Level 5 of the Dungeon
  3370 | D:5      | Found an ornate altar of the Wu Jian Council.
  3509 | D:5      | Reached **** piety under Trog
  3651 | D:5      | Found a large runed translucent door.
  3651 | D:5      | Found a large runed translucent door.
  3652 | D:5      | Noticed Alannah's ghost (novice DsWn)
  3659 | D:5      | Reached XP level 8. HP: 46/51 MP: 9/9
  3697 | D:5      | Killed Alannah's ghost
  3697 | D:5      | Reached skill level 5 in Armour
  3858 | D:5      | Found a bloodstained altar of Trog.
  3919 | D:6      | Found a staircase to the Ecumenical Temple.
  4027 | D:6      | Found a glowing golden altar of the Shining One.
  4163 | D:6      | Found a white marble altar of Elyvilon.
  4214 | D:6      | Found an opulent altar of Gozag.
  4263 | D:6      | Found a sand-covered staircase.
  4291 | Ossuary  | Entered an ossuary
  4302 | Ossuary  | Reached XP level 9. HP: 57/57 MP: 11/11
  4333 | Ossuary  | Received a gift from Trog
  4636 | D:6      | Received a gift from Trog
  5033 | D:7      | Found a glowing golden altar of the Shining One.
  5046 | D:7      | Found a hazy altar of Hepliaklqana.
  5279 | D:7      | Reached skill level 5 in Shields
  5389 | D:7      | Found a snail-covered altar of Cheibriados.
  5543 | D:7      | Found a radiant altar of Vehumet.
  5689 | D:7      | Found a shattered altar of Ashenzari.
  6009 | D:8      | Noticed Erica
  6011 | D:8      | Reached ***** piety under Trog
  6025 | D:8      | Killed Erica
  6025 | D:8      | Reached XP level 10. HP: 63/64 MP: 12/12
  6431 | D:8      | Noticed a two-headed ogre
  6439 | D:8      | Killed a two-headed ogre
  7443 | D:10     | Entered Level 10 of the Dungeon
  7565 | D:10     | Found a staircase to the Lair.
  7692 | D:10     | Found a staircase to the Orcish Mines.
  7706 | D:10     | Received a gift from Trog
  8297 | D:11     | Reached XP level 11. HP: 71/71 MP: 14/14
  8506 | D:11     | Noticed a green ugly thing
  8520 | D:11     | Killed a green ugly thing
  8520 | D:11     | Reached skill level 5 in Evocations
  8583 | D:11     | Reached skill level 10 in Fighting
  8692 | D:11     | Noticed Erolcha
  8701 | D:11     | Killed Erolcha
  8927 | D:12     | Noticed a cyclops
  8945 | D:12     | Killed a cyclops
  8948 | D:12     | Noticed a two-headed ogre
  8956 | D:12     | Killed a two-headed ogre
  8980 | D:12     | Noticed a manticore
  9000 | D:12     | Killed a manticore
  9116 | D:12     | Noticed a six-headed hydra
  9117 | D:12     | Noticed a purple ugly thing
  9118 | D:12     | Noticed Urug
  9129 | D:12     | Killed a six-headed hydra
  9136 | D:12     | Killed a purple ugly thing
  9136 | D:12     | Reached XP level 12. HP: 79/79 MP: 16/16
  9144 | D:12     | Killed Urug
  9178 | D:12     | Noticed Maurice
  9190 | D:12     | Killed Maurice
  9190 | D:12     | Reached skill level 10 in Armour
  9238 | D:12     | Noticed Sonja
  9250 | D:12     | Killed Sonja
  9250 | D:12     | Received a gift from Trog
  9250 | D:12     | Reached skill level 10 in Maces & Flails
  9253 | D:12     | Got a smoking dire flail {god gift}
  9340 | D:12     | Identified the +12 dire flail of Trog's Displeasure {elec,
                  | Int+2} (Trog gifted it to you on level 12 of the Dungeon)
  9344 | D:12     | Reached ****** piety under Trog
  9789 | Orc:1    | Entered Level 1 of the Orcish Mines
  9886 | Orc:2    | Entered Level 2 of the Orcish Mines
  9898 | Orc:2    | Noticed an orc warlord
  9899 | Orc:2    | Found a staircase to the Elven Halls.
  9953 | Orc:2    | Killed an orc warlord
 10085 | Orc:2    | Found a frozen archway.
 10102 | IceCv    | Entered an ice cave
 10107 | IceCv    | Received a gift from Trog
 10137 | IceCv    | Found a transporter.
 10212 | IceCv    | Found a transporter.
 10218 | IceCv    | Reached XP level 13. HP: 82/84 MP: 18/18
 10696 | Orc:2    | Found Dabeveen's Distillery.
 11014 | Orc:1    | Found a transporter.
 11035 | Orc:1    | Noticed monokles's ghost (journeyman DsWr)
 11208 | Orc:1    | Found a transporter.
 11375 | Orc:1    | Killed monokles's ghost
 11707 | Orc:2    | Received a gift from Trog
 11778 | Orc:2    | Found Uboatseb's Weapon Boutique.
 11784 | Orc:2    | Bought a potion of heal wounds for 55 gold pieces
 11784 | Orc:2    | Bought a potion of heal wounds for 55 gold pieces
 11784 | Orc:2    | Bought a potion of curing for 33 gold pieces
 11784 | Orc:2    | Bought a potion of ambrosia for 88 gold pieces
 11784 | Orc:2    | Bought a potion of invisibility for 88 gold pieces
 11784 | Orc:2    | Bought a potion of agility for 44 gold pieces
 11786 | Orc:2    | Found Foummith's Antique Armour Boutique.
 11788 | Orc:2    | Found Ceraif's Gadget Shoppe.
 11794 | Orc:2    | Bought a pair of heavily runed gloves for 332 gold pieces
 11794 | Orc:2    | Bought a jewelled plate armour for 980 gold pieces
 11794 | Orc:2    | Bought a pair of boots for 157 gold pieces
 11794 | Orc:2    | Bought a runed scarf for 280 gold pieces
 11806 | Orc:2    | Identified the +13 plate armour of Distant Shores {rPois
                  | rC+ Int+3} (You bought it in a shop on level 2 of the
                  | Orcish Mines)
 11816 | Orc:2    | Identified the +1 pair of gloves "Oziff" {MR++ Int-2 Dex+2
                  | SInv} (You bought it in a shop on level 2 of the Orcish
                  | Mines)
 11957 | D:13     | Found a shattered altar of Ashenzari.
 12139 | D:13     | Found a gate to the Vaults.
 12980 | D:14     | Found a gate leading to a gauntlet.
 13006 | Gauntlet | Entered a Gauntlet
 13006 | Gauntlet | Found a transporter.
 13006 | Gauntlet | Found a transporter.
 13014 | Gauntlet | Found a transporter.
 13018 | Gauntlet | Found a transporter.
 13027 | Gauntlet | Found a transporter.
 13030 | Gauntlet | Found a transporter.
 13038 | Gauntlet | Found a transporter.
 13054 | Gauntlet | Found a transporter.
 13068 | Gauntlet | Found a transporter.
 13072 | Gauntlet | Found a transporter.
 13084 | Gauntlet | Found a transporter.
 13084 | Gauntlet | Found a transporter.
 13153 | Gauntlet | Got a distressingly furry hat
 13154 | Gauntlet | Identified the +0 hat of the Hare {rF- Dex+5} (You found it
                  | in a Gauntlet)
 13228 | Gauntlet | Gained mutation: Your large and strong wings let you fly
                  | indefinitely. [Gargoyle growth]
 13228 | Gauntlet | Reached XP level 14. HP: 92/92 MP: 20/20
 13265 | Gauntlet | Got a pair of shimmering boots
 13278 | Gauntlet | Identified the +2 pair of boots "Beiskofi" {Str+4} (You
                  | found it in a Gauntlet)
 13677 | D:15     | Entered Level 15 of the Dungeon
 13797 | D:15     | Found a staircase to the Depths.
 14757 | Lair:1   | Entered Level 1 of the Lair of Beasts
 14839 | Lair:1   | Received a gift from Trog
 15743 | Lair:2   | Found a radiant altar of Vehumet.
 16238 | Lair:3   | Reached XP level 15. HP: 74/99 MP: 14/22
 16279 | Lair:3   | Noticed Gastronok
 16977 | Lair:5   | Received a gift from Trog
 17014 | Lair:5   | Noticed Nessos
 17021 | Lair:5   | Killed Nessos
 17182 | Lair:5   | Found a runed translucent door.
 17184 | Lair:5   | Found a staircase to the Slime Pits.
 17185 | Lair:5   | Found a viscous altar of Jiyva.
 17247 | Lair:5   | Reached skill level 10 in Evocations
 17287 | Lair:5   | Noticed Ypehuijo's ghost (journeyman OpFi)
 17309 | Lair:5   | Killed Ypehuijo's ghost
 17409 | Lair:5   | Identified a scroll of acquirement
 17723 | Lair:6   | Entered Level 6 of the Lair of Beasts
 17862 | Lair:6   | Received a gift from Trog
 17865 | Lair:6   | Reached skill level 5 in Dodging
 17995 | Lair:6   | Found a basalt altar of Yredelemnul.
 18161 | Lair:6   | Reached XP level 16. HP: 106/107 MP: 21/23
 18308 | Lair:6   | Identified the cursed +1 leather armour of Cowardice {+Inv
                  | Regen+ Stlth+} (You found it on level 6 of the Lair of
                  | Beasts)
 18755 | Lair:6   | Got a faintly humming large shield
 18775 | Lair:6   | Got a scintillating glass ring
 18777 | Lair:6   | Identified the ring of the Two Names {Int+3 Dex+3} (You
                  | found it on level 6 of the Lair of Beasts)
 18810 | Lair:6   | Found the +5 scythe "Finisher" {speed, eviscerate}
 18815 | Lair:6   | Reached skill level 15 in Fighting
 18836 | Lair:6   | Identified the +7 large shield "Joekhlos" {*Contam rF+
                  | Str+3 SInv} (You found it on level 6 of the Lair of Beasts)
 18978 | Lair:3   | Reached skill level 15 in Armour
 18986 | Lair:3   | Killed Gastronok
 19111 | Lair:3   | Found a staircase to the Swamp.
 19193 | Lair:3   | Found a staircase to the Snake Pit.
 19691 | Swamp:1  | Entered Level 1 of the Swamp
 19909 | Swamp:1  | Received a gift from Trog
 20830 | Swamp:2  | Found a shimmering blue altar of Sif Muna.
 20875 | Swamp:2  | Received a gift from Trog
 21223 | Swamp:3  | Found the amulet of Vitality {Regen+ HP+15}
 21272 | Swamp:3  | Reached XP level 17. HP: 109/115 MP: 22/25
 21765 | Swamp:4  | Entered Level 4 of the Swamp
 21968 | Swamp:4  | Got a steaming wooden ring
 21973 | Swamp:4  | Identified the ring of Civeg {rF+ rC+ Int+4} (You found it
                  | on level 4 of the Swamp)
 22477 | Swamp:4  | Got a decaying rune of Zot
 22681 | Snake:1  | Entered Level 1 of the Snake Pit
 23205 | Snake:1  | Found a bloodstained altar of Trog.
 23546 | Snake:2  | Noticed Vashnia
 23552 | Snake:2  | Noticed Nikola
 23563 | Snake:2  | Killed Vashnia
 23575 | Snake:2  | Received a gift from Trog
 23587 | Snake:2  | Killed Nikola
 23743 | Snake:2  | Reached XP level 18. HP: 124/124 MP: 6/26
 24185 | Snake:2  | Noticed Aizul
 24203 | Snake:2  | Killed Aizul
 24480 | Snake:4  | Entered Level 4 of the Snake Pit
 24576 | Snake:4  | Received a gift from Trog
 24855 | Snake:4  | Found Qohov's General Store.
 24859 | Snake:4  | Bought a scroll of fear for 45 gold pieces
 24995 | Snake:4  | Received a gift from Trog
 25118 | Snake:4  | Got a serpentine rune of Zot
 26136 | Snake:3  | Reached XP level 19. HP: 131/131 MP: 26/28
 26772 | Vaults:1 | Entered Level 1 of the Vaults
 26969 | Vaults:1 | Received a gift from Trog
 27653 | Vaults:3 | Noticed Margery
 27683 | Vaults:3 | Killed Margery
 27737 | Vaults:4 | Noticed a lich
 27746 | Vaults:4 | Killed a lich
 27760 | Vaults:4 | Received a gift from Trog
 27800 | Vaults:4 | Found Erounash's Antique Armour Emporium.
 27885 | Vaults:4 | Found Yhema's Distillery.
 27930 | Vaults:4 | Bought a potion of curing for 63 gold pieces
 27930 | Vaults:4 | Bought a potion of heal wounds for 105 gold pieces
 27930 | Vaults:4 | Bought a potion of curing for 63 gold pieces
 27930 | Vaults:4 | Bought a potion of curing for 63 gold pieces
 27930 | Vaults:4 | Bought a potion of haste for 210 gold pieces
 27930 | Vaults:4 | Bought a potion of curing for 63 gold pieces
 27930 | Vaults:4 | Bought a potion of mutation for 168 gold pieces
 28057 | Vaults:4 | Found Isiu's Armour Shoppe.
 28128 | Vaults:4 | Reached XP level 20. HP: 139/139 MP: 27/29
 28135 | Vaults:4 | Received a gift from Trog
 28237 | Vaults:4 | Identified the +7 executioner's axe "Lyilike" {speed,
                  | *Corrode rC+++ Dex+7} (Trog gifted it to you on level 4 of
                  | the Vaults)
 28250 | Vaults:4 | Found Axompumn's Assorted Antiques.
 28269 | Vaults:4 | Bought a scroll of blinking for 300 gold pieces
 28269 | Vaults:4 | Bought a scroll of blinking for 300 gold pieces
 28269 | Vaults:4 | Bought a scroll of fear for 140 gold pieces
 28966 | Vaults:4 | Found Utiud Rui's Antique Armour Emporium.
 28974 | Vaults:4 | Bought a pair of crude boots for 294 gold pieces
 28974 | Vaults:4 | Identified the cursed -6 pair of boots of Xeosorr {Regen+
                  | Str+4 Int+6} (You bought it in a shop on level 4 of the
                  | Vaults)
 29065 | Vaults:4 | Reached skill level 10 in Dodging
 29130 | Vaults:4 | Received a gift from Trog
 29350 | Vaults:5 | Entered Level 5 of the Vaults
 29652 | Vaults:5 | Identified the ring "Botufus" {rElec rF+ Dex-3 Slay+3}
 29660 | Vaults:5 | Identified the ring of Ratuk {rC+ rN+ Dex+5}
 29794 | Vaults:5 | Reached XP level 21. HP: 147/147 MP: 31/31
 29795 | Vaults:5 | Identified the amulet of Tender Moments {Gourm MR+ SInv}
 29831 | Vaults:5 | Received a gift from Trog
 30189 | Vaults:5 | Received a gift from Trog
 30339 | Vaults:5 | Noticed a golden dragon
 30362 | Vaults:5 | Killed a golden dragon
 30375 | Vaults:5 | Noticed a golden dragon
 30393 | Vaults:5 | Killed a golden dragon
 30734 | Vaults:5 | Identified the +6 demon whip of Flawed Execution {vamp,
                  | rPois Dex+3 SInv}
 30982 | Vaults:5 | Got a silver rune of Zot
 31032 | Vaults:5 | Reached XP level 22. HP: 155/155 MP: 32/32
 31667 | Vaults:5 | Identified the cursed +0 troll leather armour of Fukyiv
                  | {MR+ Regen+ Slay+5} (You found it on level 5 of the Vaults)
 31766 | Vaults:3 | Received a gift from Trog
 31844 | Vaults:3 | Noticed Sojobo
 32136 | Vaults:3 | Killed Sojobo
 32538 | Vaults:3 | Identified the +4 chain mail "Lecodib" {*Contam *Corrode
                  | rElec rPois} (You found it on level 3 of the Vaults)
 32605 | Vaults:2 | Noticed Saint Roka
 32629 | Vaults:2 | Killed Saint Roka
 32786 | Vaults:2 | Received a gift from Trog
 33320 | Vaults:2 | Found a staircase to the Crypt.
 33320 | Vaults:2 | Found a basalt altar of Yredelemnul.
 33321 | Vaults:2 | Found an ancient bone altar of Kikubaaqudgha.
 33327 | Crypt:1  | Entered Level 1 of the Crypt
 33767 | Crypt:2  | Received a gift from Trog
 33786 | Crypt:2  | Identified the Guide on Dark Rituals and Flight
 33791 | Crypt:3  | Entered Level 3 of the Crypt
 33824 | Crypt:3  | Reached XP level 23. HP: 162/162 MP: 34/34
 33931 | Crypt:3  | Reached skill level 15 in Evocations
 34137 | Crypt:3  | Noticed an ancient lich
 34156 | Crypt:3  | Killed an ancient lich
 34175 | Crypt:3  | Found a basalt altar of Yredelemnul.
 34194 | Crypt:3  | Got a heavily runed steel amulet
 34206 | Crypt:3  | Identified the amulet "Cil Ygown" {Acrobat rF+} (You found
                  | it on level 3 of the Crypt)
 34248 | Crypt:3  | Received a gift from Trog
 34404 | Crypt:3  | Found a staircase to the Tomb.
 35180 | Crypt:2  | Found a basalt altar of Yredelemnul.
 35442 | Crypt:2  | Received a gift from Trog
 35754 | Crypt:1  | Found a shimmering blue altar of Sif Muna.
 35793 | Crypt:1  | Gained mutation: You are clumsy. (Dex -2) [a neqoxec]
 36007 | Crypt:1  | Identified the +0 large shield of Sunlight {Dex+2} (You
                  | found it on level 1 of the Crypt)
 36202 | Vaults:2 | Found Ruch's Antique Armour Boutique.
 36648 | Vaults:1 | Got a coiled jade ring
 36820 | Vaults:1 | Received a gift from Trog
 36932 | Vaults:1 | Identified the ring of the Turtle {rF+ Int+3 Dex+3} (You
                  | found it on level 1 of the Vaults)
 37043 | Depths:1 | Entered Level 1 of the Depths
 37124 | Depths:1 | Got a topaz-encrusted ring mail
 37125 | Depths:1 | Identified the +1 ring mail of the Sailor {Str+4 Int+2}
                  | (You found it on level 1 of the Depths)
 37234 | Depths:1 | Reached XP level 24. HP: 168/171 MP: 33/34
 37269 | Depths:1 | Found a huge runed gate.
 37269 | Depths:1 | Found a huge runed gate.
 37269 | Depths:1 | Found a huge runed gate.
 37270 | Depths:1 | Found a huge runed gate.
 37271 | Depths:1 | Found a huge runed gate.
 37272 | Depths:1 | Found a huge runed gate.
 37272 | Depths:1 | Found a huge runed gate.
 37272 | Depths:1 | Found a huge runed gate.
 37272 | Depths:1 | Found a huge runed gate.
 37274 | Depths:1 | Found a huge runed gate.
 37281 | Depths:1 | Noticed Asterion
 37283 | Depths:1 | Found a huge runed gate.
 37284 | Depths:1 | Found a huge runed gate.
 37285 | Depths:1 | Found a huge runed gate.
 37286 | Depths:1 | Found a huge runed gate.
 37295 | Depths:1 | Killed Asterion
 37296 | Depths:1 | Found a huge runed gate.
 37304 | Depths:1 | Found a huge runed gate.
 37305 | Depths:1 | Lost mutation: You are clumsy. (Dex -2) [potion of
                  | mutation]
 37305 | Depths:1 | Gained mutation: You are dopey. (Int -2) [potion of
                  | mutation]
 37305 | Depths:1 | Gained mutation: Your flesh is cold resistant. (rC+)
                  | [potion of mutation]
 37334 | Depths:1 | Found a gateway to Hell.
 37403 | Depths:1 | Found a portal to a secret trove of treasure.
 37607 | Depths:2 | Received a gift from Trog
 38002 | Depths:4 | Received a gift from Trog
 38017 | Depths:5 | Entered Level 5 of the Depths
 38101 | Depths:5 | Paralysed by a floating eye for 3 turns
 38154 | Depths:5 | Found a gateway to a ziggurat.
 38266 | Depths:5 | Found a gate to the Realm of Zot.
 38286 | Depths:5 | Found Wegg's Book Boutique.
 38295 | Depths:5 | Bought a manual of Armour for 1656 gold pieces
 38646 | Zot:1    | Entered Level 1 of the Realm of Zot
 38767 | Zot:1    | Reached XP level 25. HP: 135/178 MP: 0/35
 39270 | Depths:1 | You paid a toll of +2 gold dragon scales to enter a
                  | treasure trove
 39271 | Trove    | Entered a treasure trove
 39311 | Trove    | Identified the +6 plate armour of Trog's Displeasure {SInv}
                  | (You found it in a treasure trove)
 39314 | Trove    | Identified the +0 pair of gloves of the Eternal Fruit {MP+9
                  | Dex+2} (You found it in a treasure trove)
 39494 | Depths:1 | Identified the +1 leather armour of the Enchanted Forest
                  | {Dex+7} (You found it on level 1 of the Depths)
 40359 | Depths:2 | Received a gift from Trog
 40957 | Depths:2 | Got a blackened leather armour
 40968 | Depths:2 | Identified the +1 leather armour of the Queen {Stlth+} (You
                  | found it on level 2 of the Depths)
 41604 | Depths:3 | Found an ancient bone altar of Kikubaaqudgha.
 41620 | Depths:3 | Received a gift from Trog
 41670 | Depths:3 | Found a one-way gate leading to the halls of Pandemonium.
 42070 | Depths:4 | Reached skill level 27 in Armour
 42189 | Depths:4 | Found a one-way gate to the infinite horrors of the Abyss.
 42203 | Depths:4 | Reached XP level 26. HP: 184/184 MP: 34/35
 42219 | Depths:4 | Reached XP level 27. HP: 177/191 MP: 31/35
 42226 | Depths:4 | Voluntarily entered the Abyss.
 42244 | Abyss:2  | Found a corrupted altar of Lugonu.
 42257 | Abyss:2  | Found a corrupted altar of Lugonu.
 42447 | Abyss:4  | Found a corrupted altar of Lugonu.
 42478 | Abyss:4  | Got a dazzling dire flail
 42487 | Abyss:5  | Entered Level 5 of the Abyss
 42688 | Abyss:5  | Got an abyssal rune of Zot
 42702 | Depths:4 | Escaped the Abyss
 42907 | Depths:4 | Received a gift from Trog
 43232 | Depths:4 | Paralysed by a floating eye for 2 turns
 43354 | Depths:4 | Noticed an ancient lich
 43363 | Depths:4 | Killed an ancient lich
 43369 | Depths:4 | Got a crude ring mail
 43382 | Depths:4 | Identified the +3 ring mail of Polish {rPois Int+2 Stlth+}
                  | (You found it on level 4 of the Depths)
 43906 | Elf:1    | Entered Level 1 of the Elven Halls
 43906 | Elf:1    | Noticed Frances
 43912 | Elf:1    | Killed Frances
 43926 | Elf:1    | Received a gift from Trog
 44042 | Elf:1    | Noticed Azrael
 44078 | Elf:1    | Killed Azrael
 44162 | Elf:1    | Received a gift from Trog
 44348 | Elf:3    | Entered Level 3 of the Elven Halls
 44544 | Elf:3    | Reached skill level 15 in Maces & Flails
 44615 | Elf:3    | Received a gift from Trog
 44680 | Elf:3    | Found the +7 Kryia's mail coat {PotionHeal*2 rC+}
 44703 | Elf:3    | Identified the ring of the Falcon {rF+ rC+ Dex+5 Stlth+}
 44726 | Elf:3    | Identified the cursed +1 dire flail of Subjectivity {venom,
                  | rF+ Dex+3} (You found it on level 4 of the Abyss)
 44751 | Elf:3    | Identified the Catalogue of Damaging Changing
 44767 | Elf:3    | Got a slimy lead ring
 45011 | Elf:3    | Identified the ring of Uxtarok {rPois rF- rN+ Str+3} (You
                  | found it on level 3 of the Elven Halls)
 45017 | Elf:3    | Got a steaming chain mail
 45028 | Elf:3    | Identified the +3 chain mail "Jienuor" {MR++ Dex+3} (You
                  | found it on level 3 of the Elven Halls)
 45047 | Elf:3    | Identified the Grimoire of Self-Knowledge and Intoxication
 45254 | Elf:3    | Found a runed translucent door.
 45255 | Elf:3    | Noticed Jabberih's ghost (veteran GrEE)
 45308 | Elf:3    | Killed Jabberih's ghost
 45427 | Elf:3    | Noticed Bai Suzhen
 45451 | Elf:3    | Killed Bai Suzhen
 45738 | Elf:2    | Found Imuitiog's Antique Armour Emporium.
 45761 | Elf:2    | Received a gift from Trog
 45962 | Elf:2    | Found a runed translucent gate.
 45962 | Elf:2    | Found a runed translucent gate.
 45973 | Elf:2    | Found Kotiphup's One-of-a-Kind Books.
 46156 | Elf:2    | Found a runed translucent gate.
 46567 | Elf:1    | Identified Roxanne's Handbook of the Mountains
 46567 | Elf:1    | Noticed Roxanne
 46573 | Elf:1    | Received a gift from Trog
 46592 | Elf:1    | Killed Roxanne
 47090 | Elf:1    | Identified Mnoleg's Volume of the Escort
 47314 | Zig:1    | Entered Level 1 of a ziggurat
 47349 | Zig:2    | Entered Level 2 of a ziggurat
 47374 | Zig:3    | Entered Level 3 of a ziggurat
 47410 | Zig:4    | Entered Level 4 of a ziggurat
 47456 | Zig:4    | Got a wavering platinum ring
 47458 | Zig:4    | Identified the ring of Tafaimm {+Blink rF+ rC++ Int-5} (You
                  | found it on level 4 of a ziggurat)
 47474 | Zig:5    | Entered Level 5 of a ziggurat
 47503 | Zig:5    | Got a shimmering platinum ring
 47505 | Zig:5    | Identified the ring "Axeps" {+Fly rF+ MR- Int+9 Dex+6} (You
                  | found it on level 5 of a ziggurat)
 47518 | Zig:5    | Got a translucent great sword
 47521 | Zig:6    | Entered Level 6 of a ziggurat
 47535 | Zig:6    | Reached skill level 10 in Shields
 47590 | Zig:7    | Entered Level 7 of a ziggurat
 47643 | Zig:7    | Got a jewelled scale mail
 47664 | Zig:7    | Identified the Guide on the Frostbite
 47668 | Zig:8    | Entered Level 8 of a ziggurat
 47675 | Zig:8    | Found the +10 dark maul {crush}
 47768 | Zig:8    | Identified the Compendium of the Compass and the Blaze
 47778 | Zig:9    | Entered Level 9 of a ziggurat
 47825 | Zig:9    | Received a gift from Trog
 47848 | Zig:9    | Identified the +11 great sword of Might {slice, SInv} (You
                  | found it on level 5 of a ziggurat)
 47849 | Zig:9    | Identified the +4 scale mail of Vehumet's Castigation
                  | {Regen+} (You found it on level 7 of a ziggurat)
 47899 | Zig:10   | Entered Level 10 of a ziggurat
 47996 | Zig:11   | Entered Level 11 of a ziggurat
 48145 | Zig:11   | Identified Zuabucirhik's Almanac of the Bewitching Escort
 48147 | Zig:11   | Identified the Guide on the Assistive Birds
 48207 | Zig:11   | Identified the +7 great mace of Siagom {antimagic, -Tele
                  | rN+ Str+2} (You found it on level 11 of a ziggurat)
 48209 | Zig:12   | Entered Level 12 of a ziggurat
 48236 | Zig:12   | Received a gift from Trog
 48257 | Zig:12   | Received a gift from Trog
 48282 | Zig:12   | Got a crude ring mail
 48314 | Zig:12   | Identified a +1 pair of boots of running (You acquired it
                  | on level 12 of a ziggurat)
 48324 | Zig:12   | Identified the +2 ring mail "Jafeafya" {rElec} (You found
                  | it on level 12 of a ziggurat)
 48351 | Zig:13   | Entered Level 13 of a ziggurat
 48362 | Zig:13   | Noticed an ancient lich
 48363 | Zig:13   | Noticed an ancient lich
 48366 | Zig:13   | Received a gift from Trog
 48384 | Zig:13   | Killed an ancient lich
 48398 | Zig:13   | Killed an ancient lich
 48398 | Zig:13   | Reached skill level 27 in Fighting
 48419 | Zig:13   | Got an encrusted ring mail
 48431 | Zig:13   | Identified the cursed +0 ring mail "Ecyted" {rC+ Regen+
                  | MP+9} (You found it on level 13 of a ziggurat)
 48453 | Zig:13   | Identified the ring "Duyrph" {rF+ rN+ Int+2} (You found it
                  | on level 13 of a ziggurat)
 48527 | Zig:14   | Entered Level 14 of a ziggurat
 48544 | Zig:14   | Reached skill level 15 in Dodging
 48607 | Zig:14   | Reached skill level 15 in Shields
 48627 | Zig:14   | Identified the Handbook of the Helpful Voyage
 48770 | Zot:1    | Received a gift from Trog
 49119 | Zot:1    | Received a gift from Trog
 49174 | Zot:1    | Upgraded the game from 0.24.1-4-ge52af88ad5 to
                  | 0.24.1-5-g77f818bfca
 49697 | Zot:3    | Noticed an orb of fire
 49703 | Zot:3    | Killed an orb of fire
 49891 | Zot:3    | Found the +7 Singing Sword {slice, sonic wave}
 50455 | Zot:5    | Entered Level 5 of the Realm of Zot
 50591 | Zot:4    | Got a scorched amber ring
 50592 | Zot:4    | Identified the ring "Gaxeing" {rF+ rN+++ MR- EV+1 Slay+3}
                  | (You found it on level 4 of the Realm of Zot)
 50733 | Zot:4    | Received a gift from Trog
 51573 | Pan      | Entered Pandemonium
 52084 | Pan      | Received a gift from Trog
 52310 | Pan      | Gained mutation: You are very dopey. (Int -4) [a cacodemon]
 52568 | Pan      | Noticed Nes Wawk the pandemonium lord
 52599 | Pan      | Killed Nes Wawk the pandemonium lord
 52612 | Pan      | Received a gift from Trog
 52677 | Pan      | Entered the realm of Mnoleg.
 52849 | Pan      | Gained mutation: You are robust. (+10% HP) [a cacodemon]
 52909 | Pan      | Gained mutation: You are weak. (Str -2) [a neqoxec]
 52913 | Pan      | Gained mutation: Armour fits poorly on your strangely
                  | shaped body. [a cacodemon]
 52928 | Pan      | Lost mutation: You are robust. (+10% HP) [a cacodemon]
 52958 | Pan      | Lost mutation: Your flesh is cold resistant. (rC+) [potion
                  | of mutation]
 52958 | Pan      | Lost mutation: You are very dopey. (Int -4) [potion of
                  | mutation]
 52958 | Pan      | Gained mutation: You possess an exceptional clarity of
                  | mind. [potion of mutation]
 52958 | Pan      | Gained mutation: Scrolls take you a little longer to read.
                  | [potion of mutation]
 52958 | Pan      | Gained mutation: You have a pair of small antennae on your
                  | head. [potion of mutation]
 52959 | Pan      | Lost mutation: You have a pair of small antennae on your
                  | head. [potion of mutation]
 52959 | Pan      | Lost mutation: You are dopey. (Int -2) [potion of mutation]
 52959 | Pan      | Gained mutation: You have sharp fingernails. [potion of
                  | mutation]
 52959 | Pan      | Gained mutation: Your body sometimes deteriorates upon
                  | taking damage. [potion of mutation]
 52959 | Pan      | Lost mutation: You possess an exceptional clarity of mind.
                  | [potion of mutation]
 52959 | Pan      | Gained mutation: You can translocate small distances at
                  | will. [potion of mutation]
 52977 | Pan      | Gained mutation: Scrolls take you longer to read. [a
                  | neqoxec]
 53012 | Pan      | Noticed Mnoleg
 53032 | Pan      | Killed Mnoleg
 53034 | Pan      | Gained mutation: You are clumsy. (Dex -2) [a cacodemon]
 53037 | Pan      | Gained mutation: You are occasionally teleported next to
                  | monsters. [a neqoxec]
 53043 | Pan      | Gained mutation: Your spells are a little easier to cast,
                  | but a little less powerful. [a neqoxec]
 53062 | Pan      | Got a glowing rune of Zot
 53074 | Pan      | Gained mutation: Scrolls take you much longer to read. [a
                  | neqoxec]
 53103 | Pan      | Gained mutation: Your body often deteriorates upon taking
                  | damage. [a neqoxec]
 53338 | Pan      | Received a gift from Trog
 53595 | Pan      | Found a runed translucent door.
 53686 | Pan      | Noticed Pogu the pandemonium lord
 53697 | Pan      | Killed Pogu the pandemonium lord
 53900 | Pan      | Gained mutation: You are frail. (-10% HP) [a cacodemon]
 54103 | Pan      | Received a gift from Trog
 54399 | Pan      | Entered the realm of Cerebov.
 54415 | Pan      | Lost mutation: You are occasionally teleported next to
                  | monsters. [potion of mutation]
 54415 | Pan      | Lost mutation: You are weak. (Str -2) [potion of mutation]
 54415 | Pan      | Lost mutation: You are clumsy. (Dex -2) [potion of
                  | mutation]
 54415 | Pan      | Lost mutation: Your spells are a little easier to cast, but
                  | a little less powerful. [potion of mutation]
 54416 | Pan      | Lost mutation: Your body often deteriorates upon taking
                  | damage. [potion of mutation]
 54416 | Pan      | Lost mutation: Armour fits poorly on your strangely shaped
                  | body. [potion of mutation]
 54416 | Pan      | Gained mutation: You expend magic power (3 MP) to
                  | strengthen your wands. [potion of mutation]
 54417 | Pan      | Lost mutation: Your body sometimes deteriorates upon taking
                  | damage. [potion of mutation]
 54417 | Pan      | Lost mutation: Scrolls take you much longer to read.
                  | [potion of mutation]
 54417 | Pan      | Lost mutation: You can translocate small distances at will.
                  | [potion of mutation]
 54417 | Pan      | Lost mutation: You are frail. (-10% HP) [potion of
                  | mutation]
 54417 | Pan      | Gained mutation: Your movements are slightly less
                  | encumbered by armour. (ER -2) [potion of mutation]
 54417 | Pan      | Gained mutation: Your muscles are strong. (Str +2) [potion
                  | of mutation]
 54527 | Pan      | Received a gift from Trog
 54666 | Pan      | Identified Xeidosul's Volume of Attacks
 54826 | Pan      | Identified Baizexao's Catalogue of Earth and Toxins
 54926 | Pan      | Identified the +6 sword of Cerebov {flame}
 54926 | Pan      | Noticed Cerebov
 54954 | Pan      | Killed Cerebov
 55046 | Pan      | Got a fiery rune of Zot
 55266 | Pan      | Received a gift from Trog
 55298 | Pan      | Entered the realm of Lom Lobon.
 55346 | Pan      | Found an exit through the horrors of the Abyss.
 56105 | Pan      | Noticed Lom Lobon
 56355 | Pan      | Received a gift from Trog
 56583 | Pan      | Got a magical rune of Zot
 56614 | Pan      | Killed Lom Lobon
 56803 | Pan      | Took an exit into the Abyss.
 56803 | Abyss:1  | Escaped into the Abyss
 56895 | Abyss:1  | Noticed an ancient lich
 56911 | Abyss:1  | Killed an ancient lich
 56948 | Depths:4 | Escaped the Abyss
 57415 | Zot:5    | Noticed an ancient lich
 57437 | Zot:5    | Killed an ancient lich
 57440 | Zot:5    | Noticed an ancient lich
 57451 | Zot:5    | Killed an ancient lich
 57459 | Zot:5    | Noticed an ancient lich
 57462 | Zot:5    | Noticed an ancient lich
 57471 | Zot:5    | Killed an ancient lich
 57475 | Zot:5    | Killed an ancient lich
 57563 | Zot:5    | Noticed an ancient lich
 57577 | Zot:5    | Noticed an orb of fire
 57584 | Zot:5    | Gained mutation: Armour fits poorly on your strangely
                  | shaped body. [an orb of fire]
 57585 | Zot:5    | Killed an ancient lich
 57585 | Zot:5    | Gained mutation: You are frail. (-10% HP) [an orb of fire]
 57590 | Zot:5    | Gained mutation: Your magical capacity is low. (-10% MP)
                  | [an orb of fire]
 57592 | Zot:5    | Killed an orb of fire
 57592 | Zot:5    | Noticed an ancient lich
 57637 | Zot:5    | Lost mutation: You have sharp fingernails. [potion of
                  | mutation]
 57637 | Zot:5    | Lost mutation: Armour fits poorly on your strangely shaped
                  | body. [potion of mutation]
 57637 | Zot:5    | Lost mutation: Your magical capacity is low. (-10% MP)
                  | [potion of mutation]
 57637 | Zot:5    | Gained mutation: You do not regenerate when monsters are
                  | visible. [potion of mutation]
 57637 | Zot:5    | Gained mutation: You have large cloven feet. [potion of
                  | mutation]
 57637 | Zot:5    | Gained mutation: You are clumsy. (Dex -2) [potion of
                  | mutation]
 57637 | Zot:5    | Gained mutation: You possess an exceptional clarity of
                  | mind. [potion of mutation]
 57638 | Zot:5    | Lost mutation: You do not regenerate when monsters are
                  | visible. [potion of mutation]
 57638 | Zot:5    | Lost mutation: You are frail. (-10% HP) [potion of
                  | mutation]
 57638 | Zot:5    | Lost mutation: You are clumsy. (Dex -2) [potion of
                  | mutation]
 57638 | Zot:5    | Lost mutation: You have large cloven feet. [potion of
                  | mutation]
 57638 | Zot:5    | Gained mutation: You are resistant to hostile enchantments.
                  | (MR+) [potion of mutation]
 57638 | Zot:5    | Gained mutation: Your muscles are very strong. (Str +4)
                  | [potion of mutation]
 57654 | Zot:5    | Noticed an orb of fire
 57675 | Zot:5    | Killed an orb of fire
 57693 | Zot:5    | Killed an ancient lich
 57850 | Zot:5    | Noticed an orb of fire
 57868 | Zot:5    | Gained mutation: You are dopey. (Int -2) [an orb of fire]
 57870 | Zot:5    | Killed an orb of fire
 57871 | Zot:5    | Noticed an orb of fire
 57884 | Zot:5    | Killed an orb of fire
 57928 | Zot:5    | Got the Orb of Zot
 58042 | Zot:2    | Noticed Byfiub the pandemonium lord
 58062 | Zot:2    | Killed Byfiub the pandemonium lord
 58166 | Depths:2 | Noticed Ixyuw the pandemonium lord
 58176 | Depths:2 | Killed Ixyuw the pandemonium lord
 58433 | D:$      | Escaped with the Orb!

Levels and vault maps discovered:
D:1:      dpeg_arrival_pits, layout_basic, minmay_misc_feat_iff
D:2:      layout_basic, nicolae_ru_awakened_eye
D:3:      layout_basic, uniq_robin
D:4:      minmay_inner_zag, layout_basic, gammafunk_temple_overflow_arena
D:5:      layout_rooms, lemuel_doored_altar, ebering_ghost_disaster_area,
          basic_altar, first_ration
D:6:      layout_basic, nicolae_overflow_crystal_walls,
          nicolae_gozag_cash_rules_everything_around_me,
          minmay_temple_entry_offerings, enter_ossuary_1, tso_altar
D:7:      layout_loops_ring, kennysheep_little_box,
          chequers_temple_overflow_statue_of_worship, cheibriados_altar_1,
          lemuel_round_altar, chequers_big_river
D:8:      kennysheep_steamy, layout_cave_pools, uniq_erica
D:9:      layout_basic
D:10:     layout_loops_cross, lair_entry_dummy, hiddenorc2_lemuel
D:11:     layout_roguey, uniq_erolcha
D:12:     minmay_evil_eye, layout_cave_pools, uniq_sonja, uniq_maurice,
          uniq_urug
D:13:     layout_cave_pods, david_vaults_4, basic_altar
D:14:     layout_cross, gauntlet_entry_generic, serial_column_ruins,
          column_ruins_hut, column_ruins_open_tiny, column_ruins_open_medium,
          column_ruins_open_tiny, column_ruins_open_small,
          column_ruins_open_small
D:15:     hangedman_depths_entry_civil_slaughter, layout_basic, minivault_27
Lair:1:   layout_small_grid, beast_lair_carwin_2, grunt_megastairs_1
Lair:2:   layout_loops_ring, basic_altar, chequers_serial_rivers_micro_b
Lair:3:   layout_misc_corridors, swamp_mist, minmay_snake_entry_guardpost_small,
          beast_lair_carwin_1, uniq_gastronok
Lair:4:   layout_cave_shapes, special_room [special_room_mythical_zoo],
          lemuel_fruit_tree, lemuel_fruit_fields
Lair:5:   layout_gridlike, slime_altar_1, ebering_ghost_reflecting_pool,
          nicolae_lair_grove_arrangements, minivault_24, grunt_megastairs_4,
          uniq_nessos
Lair:6:   due_jungle_book, layout_loops_ring, lemuel_centaur_altar,
          grunt_megastairs_3
Swamp:1:  layout_falls_marsh, hangedman_swamp_ruin_wall, swamp_pool2
Swamp:2:  layout_basic_swamp, lemuel_altar_in_water
Swamp:3:  layout_basic_swamp, evilmike_swamp_ruin_house_4
Swamp:4:  swamp_vile, layout_basic_swamp, infiniplex_staircase_pool_2
Snake:1:  layout_gridlike, basic_altar, st_stairs_1, nicolae_snake_biting_tails,
          nrook_loot_triangle
Snake:2:  layout_honeycomb, uniq_nikola, uniq_vashnia, uniq_aizul
Snake:3:  layout_basic, serial_bayou_shore_b
Snake:4:  snake_pit, layout_chambers, serial_shops, nicolae_shop_stone,
          special_room, drop_trap
Orc:1:    layout_caves, gammafunk_ghost_stat_death
Orc:2:    st_orc_elflike, layout_diamond_mine, portal_ice_cave_entry_pillars_1
Elf:1:    elf_arrival_002, layout_geoelf_octagon, minmay_elf_demonology,
          nicolae_elf_big_sculpture_3, uniq_roxanne, uniq_azrael, uniq_frances
Elf:2:    layout_gridlike, serial_shops, nicolae_shop_crystal,
          nicolae_rare_books, drop_trap
Elf:3:    elf_hall, layout_loops_corners, gammafunk_ghost_grave, uniq_bai_suzhen
Vaults:1: st_cross, nicolae_vaults_network_periphery, vaults_room_pools,
          v_misc_11, nicolae_vaults_ninety_degrees, v_rooms_2,
          dpeg_vaults_monster_box, hangedman_vaults_snaps,
          layout_vaults_maze_snakey
Vaults:2: minmay_crypt_entry_necro_gods, nicolae_vaults_big_angled_halls,
          grunt_vaults_swirl, grunt_vaults_diagonal, v_misc_9,
          ontoclasm_vaults_gateway, ontoclasm_vaults_idyll,
          hangedman_vaults_nails, nicolae_vaults_yaktaur_gun_rack,
          vaults_standard_mumra_x, nicolae_vaults_diagonal_hallway_8,
          layout_vaults_big_cross, serial_shops, shop, uniq_saint_roka
Vaults:3: grunt_vaults_focal, nicolae_vaults_little_squares_5, v_misc_15,
          ontoclasm_vaults_fault, nicolae_vaults_puzzle_piece,
          vaults_room_semicircle, hangedman_vaults_stagger,
          grunt_vaults_hallway_short, vaults_room_ringed_pool,
          nicolae_vaults_network_star, v_alt_pattern_1, hangedman_vaults_maws,
          grunt_vaults_hallway_long, layout_vaults_ring, uniq_margery,
          uniq_sojobo
Vaults:4: hangedman_vaults_slice, vaults_mumra_chevron, v_misc_13,
          ontoclasm_vaults_eye, vaults_dpeg_ring, vaults_room_fours,
          ontoclasm_vaults_chip, nicolae_vaults_alarming,
          nicolae_vaults_border_crossing, vaults_room_hangedman_quadrants,
          vaults_room_pools, nicolae_vaults_gold_heap, ontoclasm_vaults_pinch,
          layout_vaults_omnigrid, serial_shops, nicolae_shop_statue_plus, shop,
          nicolae_shop_competitors_out_of_business, shop, shop
Vaults:5
Crypt:1:  layout_chaotic_city, hangedman_summoners_spam,
          grunt_crypt_arrival_webbed
Crypt:2:  layout_misc_corridors, basic_altar, minivault_27
Crypt:3:  cryptofortress_bobbens
Depths:1: layout_cave_shapes, nicolae_trove_entry_columns,
          grunt_hell_entry_demonic_statue, hangedman_abyss_or_decor_lesser_grid,
          minmay_misc_feat_roman, drop_trap, minmay_misc_feat_enclosed,
          roderic_lattice_a, statue_in_the_mist_lemuel, hex_medium,
          hangedman_decor_lopped, door_vault, uniq_asterion
Depths:2: minmay_angry_zag, layout_cave_pools, kennysheep_cross_bottleneck,
          hangedman_tar_grid_catacomb, st_stairs_2, grunt_ministairs_14,
          infiniplex_staircase_zigzag_4, serial_bayou_shore_b,
          serial_bayou_shore_b
Depths:3: minmay_the_grid_square_5x5_4x4
          [minmay_the_grid_square_5x5_two_walls_b,
          minmay_the_grid_square_5x5_three_small,
          minmay_the_grid_square_5x5_longway,
          minmay_the_grid_square_5x5_minimal,
          minmay_the_grid_square_5x5_moneybag,
          minmay_the_grid_square_5x5_prize_snowflake,
          minmay_the_grid_square_5x5_prize_pseudospiral,
          minmay_the_grid_square_5x5_bite, minmay_the_grid_square_5x5_corner,
          minmay_the_grid_square_5x5_prize_rear_guard,
          minmay_the_grid_square_5x5_prize_itemx,
          minmay_the_grid_square_5x5_forky,
          minmay_the_grid_square_5x5_three_walls,
          minmay_the_grid_square_5x5_inner_v,
          minmay_the_grid_square_5x5_doubleslash,
          minmay_the_grid_square_5x5_n_small], layout_cave_shapes,
          lemuel_crystal_altar, hell_entry, rand_demon_pan_entry_1
Depths:4: lemuel_river_lethe, pan_entry, abyss_entry, hell_entry
Depths:5: evilmike_zot_entry_diamond, layout_cave_pools, enter_ziggurat_c,
          serial_bayou_shore_b, serial_shops, shop_fountains,
          pf_hell_entry_great_geh
Zot:1:    layout_concentric_octagons, zot_minivault_5
Zot:2:    layout_onion_interference
Zot:3:    layout_misc_corridors
Zot:4:    layout_concentric_octagons
Zot:5:    layout_misc_corridors

Skill      XL: |  1  2  3  4  5  6  7  8  9 10 11 12 13 14 15 16 17 18 19 20 21 22 23 24 25 26 27 |
---------------+----------------------------------------------------------------------------------+-----
Fighting       | 4 5 6 7 8 9 10 11 12 13 14 16 17 18 19 20 21 22 23 24 27 | 27.0
Dodging        | 2 3 5 6 7 8 9 10 11 12 13 21 | 21.0
Armour         | 3 4 5 7 8 9 10 11 13 14 16 17 18 19 20 21 22 23 24 27 | 27.0
Maces & Flails | 4 5 6 7 8 9 11 12 14 16 | 16.0
Evocations     | 1 2 3 4 5 6 8 9 10 11 12 13 14 15 16 17 18 | 18.0
Shields        | 2 4 5 7 9 26 | 26.9

Action                   |  1- 3 |  4- 6 |  7- 9 | 10-12 | 13-15 | 16-18 | 19-21 | 22-24 | 25-27 || total
-------------------------+-------+-------+-------+-------+-------+-------+-------+-------+-------++-------
Melee: Mace              |    65 |       |       |       |       |       |       |       |       ||    65
       Whip              |    40 |   220 |   336 |   544 |       |       |       |       |       ||  1140
       Dire flail        |       |       |       |   157 |   965 |  1310 |  1436 |  1957 |  1533 ||  7358
       Eveningstar       |       |       |       |       |       |       |       |       |  2696 ||  2696
Throw: Dart              |       |       |       |     5 |     4 |       |       |       |       ||     9
Invok: Berserk           |     1 |     3 |     5 |     8 |     6 |     3 |     2 |     4 |    20 ||    52
       Trog's Hand       |       |       |     1 |     4 |     4 |     7 |    12 |    10 |    30 ||    68
       Brothers in Arms  |       |       |       |       |     1 |     1 |     1 |       |    12 ||    15
 Abil: Fly               |       |       |       |       |     1 |       |       |       |       ||     1
Evoke: Wand              |       |       |     1 |     2 |     1 |     6 |     2 |     2 |    18 ||    32
       Lamp of fire      |       |       |       |       |       |       |       |     1 |     6 ||     7
       Phantom mirror    |       |       |       |       |       |       |       |       |     2 ||     2
  Use: Scroll            |     8 |     3 |    11 |    11 |    14 |     9 |    14 |    19 |    56 ||   145
       Potion            |     2 |     1 |     4 |     5 |     9 |     4 |    10 |     7 |    31 ||    73
 Stab: Invisible         |       |       |       |     2 |    12 |       |       |     4 |       ||    18
       Distracted        |       |       |       |       |       |     1 |       |       |     6 ||     7
       Petrifying        |       |       |       |       |       |       |       |       |     1 ||     1
       Sleeping          |       |       |       |       |       |       |       |       |     1 ||     1
  Eat: Chunk             |     2 |     7 |    12 |    13 |    16 |     7 |     9 |    17 |    24 ||   107
       Ration            |       |       |     2 |     3 |     5 |     8 |     4 |     7 |    23 ||    52
Armor: Animal skin       |    14 |       |       |       |       |       |       |       |       ||    14
       Plate armour      |    47 |   142 |     4 |       |   602 |  1096 |   993 |  1681 |  2212 ||  6777
       Scale mail        |       |       |   150 |   272 |    96 |       |       |       |       ||   518
Dodge: Dodged            |    63 |    63 |   112 |   206 |   425 |   737 |   710 |  1517 |  2255 ||  6088
Block: Shield            |       |       |   156 |   272 |       |       |       |       |       ||   428
       Other             |       |       |       |       |    93 |    71 |       |       |       ||   164
       Reflection        |       |       |       |       |     7 |       |       |       |       ||     7
       Large shield      |       |       |       |       |       |       |       |       |  3855 ||  3855
